 Dungeon Crawl Stone Soup version 0.31.0-2-g5a2aebc5c2 (webtiles) character file.

Game seed: 13332785462879245635

1288 stipulation the Grappler (level 8, -3/63 HPs)
             Began as a Ghoul Monk on Jan 21, 2024.
             Engulfed by a steam dragon's steam (4 damage)
             ... on level 5 of the Dungeon.
             The game lasted 00:02:18 (4433 turns).

stipulation the Grappler (Ghoul Monk)               Turns: 4433, Time: 00:02:18

Health: -3/63      AC:  6    Str: 17    XL:     8   Next: 55%
Magic:  8/8        EV: 11    Int:  9    God:
Gold:   224        SH:  0    Dex: 11    Spells: 7/7 levels left

rFire   . .          .
                       - Unarmed
rCold   + . .        c - orb {light}
rNeg    + + +        j - +0 ring mail
rPois   ∞            q - +0 helmet
rElec   .            (no cloak)
rCorr   .            (no gloves)
SInv    .            (no boots)
Will    .....        g - amulet of the acrobat Stlth
                     (no ring)
HPRegen 0.00/turn    (no ring)
MPRegen 0.11/turn

%: acrobat
@: inhibited regen, glowing
A: claws 1, cold resistance 1, negative energy resistance 3, inhibited
regeneration, torment resistance 2, devour on kill
a: no special abilities


You were on level 5 of the Dungeon.
You visited 1 branch of the dungeon, and saw 6 of its levels.

You collected 224 gold pieces.

Inventory:

Armour
 a - a +0 robe
 c - an orb of light (worn)
 j - a +0 ring mail (worn)
 q - a +0 helmet (worn)
Jewellery
 g - an amulet of the acrobat (around neck)
 r - an amulet of guardian spirit
Scrolls
 d - a scroll of fear {unknown}
 f - 2 scrolls of amnesia {unknown}
 i - a scroll of blinking {unknown}
 k - 6 scrolls of identify {unknown}
 m - 2 scrolls of vulnerability {unknown}
 n - 2 scrolls of poison {unknown}
 p - a scroll of enchant armour {unknown}
 s - a scroll of teleportation {unknown}
 t - a scroll of immolation {unknown}
Potions
 b - 2 potions of ambrosia
 e - 11 potions of curing {unknown}
 h - 2 potions of enlightenment {unknown}
 l - a potion of heal wounds {unknown}
 o - a potion of haste {unknown}


   Skills:
 - Level 3.2 Fighting
 - Level 2.6 Dodging
 + Level 11.5 Unarmed Combat


You had 7 spell levels left.
You didn't know any spells.
Your spell library contained the following spells:

 Spells                   Type           Power      Damage    Failure   Level
 Magic Dart               Conj           0%         1d3       58%         1
 Sandblast                Erth           0%         2d4       58%         1
 Searing Ray              Conj           0%         2d4       75%         2
 Passwall                 Erth           0%         N/A       92%         3
 Stone Arrow              Conj/Erth      0%         3d7       92%         3
 Anguish                  Hex/Necr       0%         N/A       100%        4
 Animate Dead             Necr           0%         N/A       100%        4
 Brom's Barrelling Bould  Conj/Erth      0%         2d3       100%        4
 Cause Fear               Hex            0%         N/A       100%        4
 Fulminant Prism          Conj/Alch      0%         3d5       100%        4
 Borgnjor's Vile Clutch   Necr/Erth      0%         N/A       100%        5
 Death Channel            Necr           0%         N/A       100%        6
 Enfeeble                 Hex            0%         N/A       100%        7


Dungeon Overview and Level Annotations

Branches:
Dungeon (6/15)
 Temple: D:4-7

Altars:

Annotations:
D:3 3 runed translucent doors, fenix12's ghost, weakling OnAE


Innate Abilities, Weirdness & Mutations

You are immune to poison.
You have sharp fingernails.
Your flesh is cold resistant. (rC+)
You are immune to negative energy. (rN+++)
You do not regenerate when monsters are visible.
You are immune to unholy pain and torment.
You thrive by killing the living.


Message History

The steam dragon breathes steam at you. The ball of steam misses you.
The iguana attacks as it pursues you! The iguana misses you.
The water moccasin attacks as it pursues you!
The water moccasin completely misses you.
The iguana is engulfed in a cloud of scalding steam.
The water moccasin is engulfed in a cloud of scalding steam. x2
The water moccasin bites you.
The orc is engulfed in a cloud of scalding steam.
The iguana is engulfed in a cloud of scalding steam.
The iguana dies!
The water moccasin is engulfed in a cloud of scalding steam.
The water moccasin attacks as it pursues you!
The water moccasin bites you!
The orc is engulfed in a cloud of scalding steam.
The orc dies!
The water moccasin completely misses you.
The steam dragon bites you but does no damage.
The steam dragon misses you.
There is a stone staircase leading up here.
The water moccasin bites you. The steam dragon barely misses you.
The steam dragon closely misses you.
You climb upwards.
There is a stone staircase leading down here.
You scratch the water moccasin.
The water moccasin is severely wounded.
The water moccasin bites you but does no damage.
The steam dragon breathes steam at you. The ball of steam hits you!
* * * LOW HITPOINT WARNING * * *
You scratch the water moccasin.
The water moccasin is almost dead.
You are engulfed in a cloud of scalding steam.
* * * LOW HITPOINT WARNING * * *
The water moccasin is engulfed in a cloud of scalding steam.
The water moccasin dies!
You scratch the steam dragon.
The steam dragon is lightly wounded.
You are engulfed in a cloud of scalding steam.
You die...

#..........###.....#
#.........).##.....#
#####.#####.##.....# # #.#
#.##.....### #.# #)##........
#.# #.##........ #.#
#.##........
##D#####.#.........
#########.@......#......†..
#.......#..#######.........
#.......#.§###########.....
####.......#§§§...............
#............[....#######.....
#......####.§.>...# #........
#......# #.......# #........
#......# #.......# ##........
#......####.......# #.........


You could see a steam dragon (catching breath).

Vanquished Creatures
  Grinder (D:4)
  Menkaure (D:5)
  2 water moccasins
  An ice beast (D:5)
  A phantom (D:5)
  A howler monkey (D:5)
  2 bombardier beetles (D:5)
  An orc priest (D:3)
  2 hounds
  3 jellies
  2 iguanas (D:5)
  2 orc wizards (D:4)
  4 adders
  A white imp (D:5)
  2 ufetubi (D:5)
  2 ribbon worms
  2 dart slugs
  18 orcs
  5 bats
  5 endoplasms
  2 giant cockroaches (D:4)
  5 hobgoblins
  2 jackals (D:4)
  8 kobolds
  6 quokkas
  9 ball pythons
  4 frilled lizards
  7 goblins
  5 rats
106 creatures vanquished.

Vanquished Creatures (others)
  A water moccasin (D:5)
  An iguana (D:6)
  An orc (D:6)
3 creatures vanquished.

Grand Total: 109 creatures vanquished

Notes
Turn   | Place    | Note
-------+----------+-------------------------------------------
     0 | D:1      | stipulation the Ghoul Monk began the quest for the Orb.
     0 | D:1      | Reached XP level 1. HP: 19/19 MP: 1/1
   299 | D:1      | Reached XP level 2. HP: 26/26 MP: 2/2
   456 | D:1      | Reached skill level 4 in Unarmed Combat
   950 | D:1      | Reached XP level 3. HP: 31/31 MP: 3/3
  1221 | D:2      | Reached skill level 5 in Unarmed Combat
  1481 | D:2      | Reached XP level 4. HP: 38/38 MP: 4/4
  1709 | D:3      | Found a runed translucent gate.
  1710 | D:3      | Found a runed translucent gate.
  1711 | D:3      | Found a runed translucent gate.
  1713 | D:3      | Noticed fenix12's ghost (weakling OnAE)
  1714 | D:3      | Noticed a kobold brigand
  2173 | D:3      | Identified the +2 ring mail "Liklasem" {Regen+ Dex+6
                  | Slay-3}
  2462 | D:4      | Reached skill level 6 in Unarmed Combat
  2462 | D:4      | Reached XP level 5. HP: 37/45 MP: 5/5
  2724 | D:4      | Reached skill level 7 in Unarmed Combat
  2724 | D:4      | Reached XP level 6. HP: 12/51 MP: 6/6
  2940 | D:4      | Noticed Grinder
  2964 | D:4      | Paralysed by Grinder for 3 turns
  2974 | D:4      | Killed Grinder
  2975 | D:4      | Reached skill level 8 in Unarmed Combat
  3187 | D:4      | Reached XP level 7. HP: 57/57 MP: 7/7
  3420 | D:5      | Entered Level 5 of the Dungeon
  3590 | D:5      | Reached skill level 9 in Unarmed Combat
  3730 | D:5      | Noticed Menkaure
  3737 | D:5      | Killed Menkaure
  3756 | D:5      | Reached skill level 10 in Unarmed Combat
  3766 | D:5      | Reached XP level 8. HP: 46/63 MP: 8/8
  3906 | D:5      | Reached skill level 11 in Unarmed Combat
  4432 | D:5      | HP: 1/63 [steam dragon] (3)]
  4433 | D:5      | Engulfed by a steam dragon's steam

Illustrated notes

Levels and vault maps discovered:
D:1:      minmay_arrival_nine_rooms, layout_loops_corners, minmay_heptomino_w4
D:2:      layout_loops_cross
D:3:      layout_loops_cross, gammafunk_ghost_nasty_kobolds
D:4:      layout_cave_pods, serial_park, serial_park_avenue1, serial_park_gazebo
          [serial_park_minivault_5x5_2], serial_park_tiny_2,
          serial_park_square2, serial_park_tiny_2, serial_park_tiny_pond,
          kennysheep_path_1, kennysheep_potato, uniq_grinder
D:5:      layout_basic, grunt_ministairs_7, nrook_campfire,
          dreamdust_mushroom_princess, uniq_menkaure
D:6:      hellmonk_crumbling_castle, layout_basic,
          nicolae_hepliaklqana_hippocampus, minmay_temple_entry_glassed_door,
          nicolae_underground_beach

Skill      XL: |  1  2  3  4  5  6  7  8 |
---------------+-------------------------+-----
Unarmed Combat | 4 5 6 7 8 10 11 | 11.5
Fighting       | |  3.2
Dodging        | |  2.6

Action                     |  1- 3 |  4- 6 |  7- 9 || total
---------------------------+-------+-------+-------++-------
  Melee: Unarmed           |   104 |   113 |    87 ||   304
 Armour: Robe              |    11 |       |       ||    11
         Ring mail         |    44 |    76 |    45 ||   165
  Dodge: Dodged            |    70 |    80 |    49 ||   199
